 Dungeon Crawl Stone Soup version 0.26-a0-812-g31a745ddcd (webtiles) character file.

Game seed: 9650502647636909285

3073 Lanoc the Geomancer (level 9, -3/74 HPs)
             Began as a Troll Earth Elementalist on Dec 1, 2020.
             Was a Believer of Fedhas.
             Slain by an orc warrior
             ... wielding a +0 long sword
              (16 damage)
             ... on level 8 of the Dungeon.
             The game lasted 00:15:10 (7765 turns).

Lanoc the Geomancer (Troll Earth Elementalist)      Turns: 7765, Time: 00:15:11

Health: -3/74      AC:  7    Str: 18    XL:     9   Next: 58%
Magic:  1/10       EV: 16    Int: 14    God:    Fedhas [**....]
Gold:   288        SH:  0    Dex: 10    Spells: 2/10 levels left

rFire    . . .     SeeInvis .   (no weapon)
rCold    . . .     Faith    +   (no shield)
rNeg     . . .     Spirit   .   c - +0 robe
rPois    .         Reflect  .   (helmet restricted)
rElec    .         Harm     .   f - +0 cloak
rCorr    .         Rampage  .   (gloves unavailable)
MR       +....                  (boots unavailable)
Stlth    +.........             B - amulet of faith
HPRegen  0.62/turn              q - +4 ring of evasion
MPRegen  0.12/turn              n - ring of protection from magic

@: no status effects
A: large, unfitting armour, claws 3, regeneration 1, shaggy fur 1, tough skin 3
a: Wall of Briars, Renounce Religion


You were on level 8 of the Dungeon.
You worshipped Fedhas.
Fedhas was pleased with you.
You visited 2 branches of the dungeon, and saw 9 of its levels.

You collected 288 gold pieces.

Inventory:

Missiles
 b - 39 stones (quivered)
 w - 5 curare-tipped darts
Armour
 c - a +0 robe (worn)
 f - a +0 cloak (worn)
Jewellery
 a - an uncursed ring of protection from fire
 k - an uncursed ring of magical power
 n - a ring of protection from magic (right claw)
 q - a +4 ring of evasion (left claw)
 t - a +6 ring of intelligence
 B - an amulet of faith (around neck)
 D - the amulet of Day {Inacc rC- Str+5, unknown}
   (You found it on level 8 of the Dungeon)

   [amulet of inaccuracy]

   It reduces the accuracy of all your attacks.
   It affects your strength (+5).
   It makes you vulnerable to cold.
Wands
 l - a wand of paralysis (9)
 p - a wand of flame (17)
 s - a wand of polymorph (2)
 u - a wand of digging (5)
 v - a wand of random effects (11)
 x - a wand of iceblast (10)
Scrolls
 d - 3 scrolls of magic mapping {unknown}
 e - 5 scrolls of amnesia {unknown}
 h - 6 scrolls of identify {unknown}
 i - 3 scrolls of fog {unknown}
 j - 4 scrolls of remove curse {unknown}
 m - 6 scrolls of enchant armour {unknown}
 r - a scroll of blinking {unknown}
 y - a scroll of enchant weapon {unknown}
 C - a scroll of teleportation {unknown}
Potions
 g - a potion of flight
 o - a potion of curing
 z - a potion of might
 A - a potion of brilliance {unknown}


   Skills:
 + Level 6.3 Dodging
 - Level 1.0 Stealth
 - Level 1.2 Spellcasting
 - Level 0.6 Transmutations
 * Level 10.0 Earth Magic
 + Level 3.4 Invocations


You had 2 spell levels left.
You knew the following spells:

 Your Spells              Type           Power        Failure   Level
a - Sandblast             Erth           ####..       1%          1
b - Passwall              Tmut/Erth      ###.....     4%          2
c - Lee's Rapid Deconstr  Erth           ####......   12%         5

Your spell library contained the following spells:

 Spells                   Type           Power        Failure   Level
 Stone Arrow              Conj/Erth      ##....       10%         3
 Petrify                  Tmut/Erth      ###.....     28%         4


Dungeon Overview and Level Annotations

Branches:
Dungeon (8/15)             Temple (1/1) D:7
   Lair: D:8-11

Altars:
Cheibriados
Dithmenos
Elyvilon
Fedhas
Gozag
Hepliaklqana
Kikubaaqudgha
Makhleb
Nemelex Xobeh
Okawaru
Qazlal
Ru
Sif Muna
Trog
Uskayaw
Wu Jian
Xom
Yredelemnul
Zin

Shops:
D:4 *   D:5 *

Annotations:
D:3 MoonlitKnight's ghost, amateur MiBe


Innate Abilities, Weirdness & Mutations

You are too large for most types of armour.
You have claws for hands.
Your natural rate of healing is unusually fast.
You are covered in fur. (AC +1)
You have extremely tough skin. (AC +3)


Message History

b - 40 stones You barely miss the orc warrior.
The orc warrior is severely wounded.
The orc warrior hits you with a +0 long sword!
* * * LOW HITPOINT WARNING * * *
Casting: Sandblast (safe; 1% risk of failure)
Confirm with . or Enter, or press ? or * to list all spells.
Aiming: Sandblast (safe; 1% risk of failure)
Press: ? - help, Shift-Dir - straight line, f/p - orc warrior
Aim: an orc warrior, wielding a +0 long sword and wearing a +2 chain mail of poison resistance (severely wounded)
The blast of sand misses the orc warrior.
The blast of sand hits the orc.
The orc is heavily wounded.
b - 39 stones The orc warrior hits you with a +0 long sword!
* * * LOW HITPOINT WARNING * * *
You feel better.
The orc warrior hits you with a +0 long sword!
You die...
Fedhas appreciates your contribution to the ecosystem.

#.<................#.##.#
#....................##.#
#....>.....############.##
#..........##............#
######.##'#....############
.......##.##############.##
...######.............†...#
.#.######.##############.##
..............oo@.....##.#
.#.#######.##########.##.#
##.#######.# #.#
.....o...#.# #.#
##.#####.#.# #.#
#....###)#.# #..##.#
.......#o#<# #..##.#
####)#.#)#.# #..##.#
.....#.#.#.# #..##.#


You could see an orc warrior and an orc.

Vanquished Creatures
  A wyvern (D:8)
  An orc warrior (D:8)
  2 black bears
  2 phantoms
  2 sky beasts
  3 ogres
  2 centaurs
  A big kobold (D:5)
  3 bullfrogs
  A gnoll sergeant (D:5)
  2 scorpions
  A vampire bat (D:5)
  4 wights
  A howler monkey (D:6)
  A bullfrog zombie (D:5)
  A jelly (D:6)
  A gnoll shaman (D:8)
  7 hounds
  A centaur skeleton (D:3)
  5 orc priests
  5 orc wizards
  A bullfrog skeleton (D:7)
  Ijyb (D:3)
  Terence (D:3)
  An iguana (D:8)
  6 worker ants
  Natasha (D:2)
  2 hound skeletons
  2 worker ant zombies
  3 gnolls (D:5)
  5 adders
  2 shadow imps
  A white imp (D:5)
  2 ufetubi
  An ooze (D:5)
  3 worms
  2 dart slugs
  47 orcs
  2 ball pythons
  4 bat skeletons (D:5)
  7 giant cockroaches
  6 hobgoblins
  4 jackals (D:6)
  10 kobolds
  4 quokkas
  3 bats
  5 frilled lizards
  6 goblins
  2 leopard gecko skeletons
  A quokka zombie (D:5)
  10 rats
192 creatures vanquished.

Notes
Turn   | Place    | Note
-------+----------+-------------------------------------------
     0 | D:1      | Lanoc the Troll Earth Elementalist began the quest for the
                  | Orb.
     0 | D:1      | Reached XP level 1. HP: 16/16 MP: 1/1
   121 | D:1      | Reached skill level 3 in Earth Magic
   124 | D:1      | Reached XP level 2. HP: 12/24 MP: 2/2
   505 | D:2      | Noticed Natasha
   514 | D:2      | Noticed a crimson imp
   528 | D:2      | Noticed a crimson imp
   534 | D:2      | Killed Natasha
   534 | D:2      | Reached XP level 3. HP: 15/31 MP: 0/3
   718 | D:3      | Reached skill level 4 in Earth Magic
   718 | D:3      | Reached XP level 4. HP: 33/39 MP: 2/4
   782 | D:3      | Found a burning altar of Makhleb.
  1001 | D:3      | Noticed Terence
  1002 | D:3      | Noticed Ijyb
  1041 | D:3      | Killed Terence
  1050 | D:3      | Killed Ijyb
  1050 | D:3      | Reached XP level 5. HP: 28/45 MP: 0/5
  1246 | D:3      | Found a transporter.
  1246 | D:3      | Noticed MoonlitKnight's ghost (amateur MiBe)
  1265 | D:3      | Found a transporter.
  1564 | D:3      | Reached skill level 5 in Earth Magic
  1775 | D:4      | Reached XP level 6. HP: 53/53 MP: 6/6
  2037 | D:4      | Learned a level 2 spell: Passwall
  2165 | D:4      | Found a stormy altar of Qazlal.
  2189 | D:4      | Found Qeixat's General Store.
  2212 | D:4      | Reached skill level 6 in Earth Magic
  2510 | D:5      | Entered Level 5 of the Dungeon
  2558 | D:5      | Reached XP level 7. HP: 56/59 MP: 1/7
  2814 | D:5      | Found an ancient bone altar of Kikubaaqudgha.
  3145 | D:5      | Reached skill level 7 in Earth Magic
  3287 | D:5      | Found Zin's Purification Station.
  3288 | D:5      | Found a glowing silver altar of Zin.
  3477 | D:5      | Reached XP level 8. HP: 11/67 MP: 0/8
  3575 | D:5      | Learned a level 5 spell: Lee's Rapid Deconstruction
  4069 | D:5      | Reached skill level 5 in Dodging
  4069 | D:5      | Reached skill level 8 in Earth Magic
  4722 | D:6      | Found a shadowy altar of Dithmenos.
  5034 | D:7      | Found a staircase to the Ecumenical Temple.
  5039 | Temple   | Entered the Ecumenical Temple
  5233 | Temple   | Became a worshipper of Fedhas Madash
  5400 | D:7      | Reached skill level 1 in Invocations
  5538 | D:7      | Reached skill level 9 in Earth Magic
  5648 | D:7      | Reached XP level 9. HP: 74/74 MP: 5/9
  5704 | D:7      | Reached * piety under Fedhas
  6538 | D:8      | Found an iron altar of Okawaru.
  7112 | D:8      | Reached ** piety under Fedhas
  7144 | D:8      | Got an ancient jade amulet
  7403 | D:8      | Reached skill level 10 in Earth Magic
  7584 | D:8      | Found a sparkling altar of Nemelex Xobeh.
  7757 | D:8      | HP: 2/74 [orc warrior/+0 long sword (15)]
  7765 | D:8      | Slain by an orc warrior

Illustrated notes

Levels and vault maps discovered:
D:1:      wander_arrival_fairy_ring, layout_loops_corners
D:2:      layout_loops_corners, nicolae_overflow_hidden_temple,
          ashenzari_altar_1, uniq_natasha
D:3:      layout_basic, makhleb_heckhound_becter, gammafunk_ghost_mausoleum,
          dk_noncrumbling_3, uniq_ijyb, uniq_terence
D:4:      layout_cave_pools, grunt_qazlal_clouds, serial_shops,
          nicolae_shop_trees
D:5:      layout_loops_corners, zin_purify, kennysheep_vampire_church,
          minmay_misc_feat_tower
D:6:      layout_cave_pods, grunt_dithmenos_shadows
D:7:      layout_basic, minmay_temple_entry_drinking_statues,
          grunt_decor_arrowhead
D:8:      minmay_octagon_keep, layout_basic, lemuel_doored_altar,
          nemelex_altar_shiori
Temple:   minmay_temple_bridge_abc

Skill      XL: |  1  2  3  4  5  6  7  8  9 |
---------------+----------------------------+-----
Earth Magic    | 3 4 5 6 7 9 10 | 10.0
Dodging        | 2 3 4 5 6 |  6.3
Invocations    | 1 3 |  3.4
Stealth        | |  1.0
Spellcasting   | |  1.2
Transmutations | |  0.6

Action                   |  1- 3 |  4- 6 |  7- 9 || total
-------------------------+-------+-------+-------++-------
Melee: Unarmed           |   119 |   129 |   330 ||   578
 Cast: Sandblast         |     6 |    83 |   181 ||   270
  Use: Potion            |     4 |     3 |     1 ||     8
 Stab: Sleeping          |     2 |       |       ||     2
Armor: Robe              |    45 |    74 |    95 ||   214
Dodge: Dodged            |    54 |   124 |   375 ||   553

Table legend: (Time is in decaauts)
 A = Elapsed time spent in this place.
 B = Non-inter-level travel time spent in this place.
 C = Inter-level travel time spent in this place.
 D = Time resting spent in this place.
 E = Time spent auto-exploring this place.
 F = Levels seen in this place.
 G = Mean time per level.
                   A        B        C        D        E       F      G
               +--------+--------+--------+--------+--------+-----+--------+
         Total |   7759 |   7523 |    236 |     53 |   5957 |   9 |  862.1 |
       Dungeon |   7543 |   7327 |    216 |     53 |   5778 |   8 |  942.9 |
        Temple |    215 |    195 |     20 |      0 |    179 |   1 |  215.0 |
               +--------+--------+--------+--------+--------+-----+--------+

Top non-repeatable levels by time:
     D:5: 1555 daAuts
     D:8: 1287 daAuts
     D:7: 1227 daAuts
     D:6: 971 daAuts
     D:3: 940 daAuts
     D:4: 907 daAuts
     D:1: 415 daAuts
     D:2: 238 daAuts
  Temple: 215 daAuts
